 Dungeon Crawl Stone Soup version 0.26.0-45-g9c1d065592 (webtiles) character file.

Game seed: 9810715421779684051

(classic levelgen) 50024 thiole the Blocker (level 14, -4/92 HPs)
             Began as an Octopode Hedge Wizard on Jan 28, 2021.
             Was an Initiate of Gozag.
             Slain by an eight-headed hydra (17 damage)
             ... on level 4 of the Lair of Beasts on Jan 29, 2021.
             The game lasted 02:07:26 (27633 turns).

thiole the Blocker (Octopode Hedge Wizard)         Turns: 27633, Time: 02:07:27

Health: -4/92      AC:  3    Str:  9    XL:     14   Next: 53%
Magic:  5/32       EV: 26    Int: 27    God:    Gozag
Gold:   2720       SH: 15    Dex: 18    Spells: 5/25 levels left

rFire    + . .     SeeInvis .   b - staff of air
rCold    + + .     Faith    .   r - +2 kite shield
rNeg     . . .     Spirit   .   L - +2 hat
rPois    .         Reflect  .   G - amulet "Ototih" {RegenMP rC+}
rElec    +         Harm     .   k - ring of protection from cold
rCorr    +         Rampage  .   t - ring of resist corrosion
Will     +....                  m - +4 ring of evasion
Stlth    +++++.....             H - +6 ring of intelligence
HPRegen  0.25/turn              P - +6 ring of dexterity
MPRegen  0.48/turn              S - +4 ring of evasion
                                W - ring of magical power
                                s - ring of protection from fire

@: very slightly contaminated
A: almost no armour, stealthy swim, amphibious, 8 rings, constrict 8, camouflage
1, gelatinous body 1
a: Renounce Religion, Potion Petition, Call Merchant, Bribe Branch


You were on level 4 of the Lair of Beasts.
You worshipped Gozag.
Gozag was most pleased with you.
You visited 4 branches of the dungeon, and saw 16 of its levels.
You also visited: Sewer and Gauntlet.

You collected 4967 gold pieces.
You spent 1992 gold pieces at shops.
You paid 255 gold pieces to Gozag.

Inventory:

Hand Weapons
 a - the +9 staff of Olgreb {rPois∞}
   (You found it on level 6 of the Dungeon)

   It grants immunity to poison.
 D - a +2 short sword of draining
 X - the +8 long sword "Laob" {antimagic, rPois Str-3 Dex+4, unknown}
   (You found it in a Gauntlet)

   It reduces the magical energy of the wielder, and disrupts the spells and
   magical abilities of those hit.
   Natural abilities and divine invocations are not affected.
   It affects your strength (-3).
   It affects your dexterity (+4).
   It protects you from poison.
Missiles
 c - 562 stones
 j - 219 sling bullets
 v - 29 poisoned darts
 A - 3 atropa-tipped darts
 Q - 16 javelins
Armour
 r - a +2 kite shield (worn)
 L - a +2 hat (worn)
Magical Staves
 b - an uncursed staff of air (weapon)
 U - an uncursed staff of cold
Jewellery
 k - a ring of protection from cold (left tentacle)
 m - a +4 ring of evasion (on tentacle)
 p - an uncursed ring of stealth
 s - a ring of protection from fire (on tentacle)
 t - a ring of resist corrosion (right tentacle)
 G - the amulet "Ototih" (around mantle) {RegenMP rC+}
   (You bought it in a shop on level 1 of the Orcish Mines)

   [amulet of magic regeneration]

   It increases your magic regeneration.
   It protects you from cold.
 H - a +6 ring of intelligence (on tentacle)
 N - an uncursed amulet of regeneration
 P - a +6 ring of dexterity (on tentacle)
 S - a +4 ring of evasion (on tentacle)
 W - a ring of magical power (on tentacle)
 Y - an uncursed ring of fire
Wands
 x - a wand of enslavement (7)
 C - a wand of iceblast (32)
 E - a wand of polymorph (20)
 F - a wand of acid (12)
 M - a wand of random effects (30)
Scrolls
 e - 3 scrolls of identify
 f - 3 scrolls of amnesia
 h - a scroll of silence
 l - a scroll of brand weapon {unknown}
 o - 5 scrolls of remove curse
 u - a scroll of teleportation
 y - a scroll of fog
 I - a scroll of blinking {unknown}
 J - a scroll of fear {unknown}
 O - 2 scrolls of enchant weapon
 R - a scroll of summoning
 T - a scroll of vulnerability {unknown}
Potions
 d - 14 potions of curing
 g - 6 potions of flight
 i - 2 potions of brilliance
 n - a potion of haste
 z - 3 potions of might
 B - 2 potions of lignification
 K - 3 potions of berserk rage {unknown}
Miscellaneous
 w - a lightning rod (4/4)
 V - a phantom mirror


   Skills:
 - Level 7.0 Fighting
 - Level 4.0 Short Blades
 - Level 4.2 Staves
 - Level 7.0 Dodging
 - Level 6.7 Stealth
 + Level 14.1 Shields
 - Level 6.0 Spellcasting
 - Level 5.0 Conjurations
 - Level 2.0 Summonings
 - Level 2.0 Translocations
 - Level 13.0 Air Magic
 - Level 2.0 Poison Magic
 - Level 6.0 Evocations


You had 5 spell levels left.
You knew the following spells:

 Your Spells              Type           Power        Failure   Level
a - Magic Dart            Conj           100%         1%          1
b - Call Imp              Summ           18%          4%          2
c - Blink                 Tloc           N/A          4%          2
d - Mephitic Cloud        Conj/Pois/Air  60%          1%          3
e - Apportation           Tloc           36%          3%          1
f - Airstrike             Air            43%          1%          4
g - Lightning Bolt        Conj/Air       35%          4%          5
h - Swiftness             Air            87%          1%          2

Your spell library contained the following spells:

 Spells                   Type           Power        Failure   Level
 Shock                    Conj/Air       100%         1%          1
 Static Discharge         Conj/Air       71%          1%          3
 Summon Small Mammal      Summ           72%          3%          1
 Animate Skeleton         Necr           16%          7%          1
 Corona                   Hex            8%           7%          1
 Conjure Flame            Conj/Fire      21%          8%          3
 Slow                     Hex            8%           11%         2
 Ignite Poison            Fire/Tmut/Pois 11%          17%         3
 Inner Flame              Hex/Fire       8%           22%         3
 Sticky Flame             Conj/Fire      21%          26%         4
 Summon Demon             Summ           9%           65%         5
 Summon Forest            Summ/Tloc      9%           65%         5
 Summon Mana Viper        Hex/Summ       13%          78%         5
 Starburst                Conj/Fire      10%          98%         6
 Shadow Creatures         Summ           N/A          99%         6
 Summon Hydra             Summ           9%           100%        7


Dungeon Overview and Level Annotations

Branches:
Dungeon (9/15)             Temple (1/1) D:4            Lair (4/6) D:8
  Swamp (0/4) Lair:3        Snake (0/4) Lair:2          Orc (2/2) D:9
    Elf (0/3) Orc:2         Sewer (visited)         Gauntlet (visited)

Altars:
Ashenzari
Cheibriados
Dithmenos
Elyvilon
Fedhas
Gozag
Hepliaklqana
Kikubaaqudgha
Makhleb
Nemelex Xobeh
Okawaru
Qazlal
Ru
Sif Muna
Trog
Uskayaw
Vehumet
Wu Jian
Xom
Yredelemnul
Zin
The Shining One
Beogh

Shops:
D:6 !}   Orc:1 =   Orc:2 *}*=}

Portals:
Abyss: D:3

Annotations:
D:6 1 runed translucent door


Innate Abilities, Weirdness & Mutations

You cannot wear most types of armour.
You are very stealthy in the water. (Stealth+)
You are amphibious.
You can wear up to eight rings at the same time.
You can use your tentacles to constrict eight enemies at once.
Your skin changes colour to match your surroundings (Stealth+).
Your rubbery body absorbs attacks. (AC +1, EV +1)


Message History

The eight-headed hydra misses you. The eight-headed hydra bites you.
* * * LOW HITPOINT WARNING * * *
The eight-headed hydra completely misses you.
The eight-headed hydra barely misses you.
The eight-headed hydra completely misses you.
You block the eight-headed hydra's attack.
Aiming: Enslavement
Press: ? - help, Shift-Dir - straight line, f/p - eight-headed hydra
Aim: an eight-headed hydra (heavily wounded, chance to affect: 29%)
The eight-headed hydra easily resists.
You block the water moccasin's attack.
The eight-headed hydra barely misses you.
You block the eight-headed hydra's attack. x2
The eight-headed hydra bites you.
* * * LOW HITPOINT WARNING * * *
The eight-headed hydra bites you!
* * * LOW HITPOINT WARNING * * *
The eight-headed hydra completely misses you.
The eight-headed hydra bites you!
You die...
Your body crumbles into a pile of gold.

***,,,,,,,,,,,,,*
*..........,,,***
*#.........,,,,,****
#......P..,,,,,*,,,
#.......##,,,,,,,,, #*
##........#*,,,,,,,, .##
#...#....#*,*,,,,,,, #.#
#####
##..DS....#******,,,,
..#####...###...@....#*
***,,
.........#.#.........###
***
......P..P.P..........P#
*
......P...............P#
.#...#................##
##...................##
.##...#........#.....#
##P......#.##...##.P##
#####.########.######


You could see an eight-headed hydra and a water moccasin.

Vanquished Creatures
  An entropy weaver (Gauntlet)
  A minotaur (Gauntlet)
  4 ogre magi (Orc:2)
  4 hydras (Lair:2)
  2 boulder beetles
  16 two-headed ogres
  A catoblepas (Lair:2)
  A death yak (Lair:2)
  2 orc high priests
  A thrashing horror (Gauntlet)
  A deep troll (Orc:1)
  An orc knight (Orc:1)
  2 bog bodies (Lair:3)
  A wolf spider (Gauntlet)
  2 orc sorcerers
  A cyclops (Orc:2)
  An elephant (Lair:2)
  Maurice (Orc:2)
  Joseph (D:7)
  5 black mambas
  8 cane toads
  10 komodo dragons
  2 rime drakes (Lair:2)
  4 trolls
  3 blink frogs (Lair:2)
  A dream sheep (Lair:2)
  The ghost of thiole the Stinger, an amateur OpVM (D:3)
  Sigmund (D:5)
  2 redbacks (Gauntlet)
  A ynoxinul (Gauntlet)
  17 yaks
  2 wyverns
  2 wraiths
  3 basilisks
  2 steam dragons
  7 wargs
  4 soldier ants (D:6)
  2 nagas (Lair:2)
  9 water moccasins
  11 orc warriors
  A swamp drake (D:9)
  3 black bears
  3 ice beasts
  33 ogres
  2 necrophages (D:7)
  5 wolves (Lair:1)
  3 big kobolds
  An elf zombie (D:7)
  16 bullfrogs
  2 gnoll sergeants (D:6)
  2 scorpions
  A water moccasin zombie (D:7)
  10 killer bees
  5 wights
  An electric eel (Lair:1)
  A lava snake (Lair:1)
  A bullfrog zombie (D:6)
  A human zombie (D:7)
  2 centaur skeletons (D:8)
  2 jellies (D:9)
  2 bullfrog skeletons
  A centaur zombie (D:9)
  13 orc priests
  A gnoll shaman (D:8)
  4 hounds
  4 iron imps
  11 orc wizards
  2 human skeletons (D:7)
  7 worker ants
  5 small abominations
  A mummy (D:7)
  10 gnolls
  10 adders
  A shadow imp (D:7)
  2 white imps
  An ufetubus (D:9)
  2 oozes
  2 dart slugs (D:1)
  4 leopard geckos
  37 orcs
  9 giant cockroaches
  33 goblins
  19 hobgoblins
  15 jackals
  22 kobolds
  5 ball pythons
  6 bats
  8 frilled lizards
  A jackal skeleton (D:8)
  A leopard gecko skeleton (D:4)
  A quokka zombie (D:7)
  3 rats
479 creatures vanquished.

Vanquished Creatures (collateral kills)
  Grinder (D:5)
  A black bear (D:8)
  5 ogres
  A sky beast (D:8)
  A phantom (D:4)
  2 big kobolds
  2 bullfrogs
  A killer bee (D:6)
  A howler monkey (D:5)
  A wight (D:6)
  2 hounds
  A human zombie (D:7)
  Crazy Yiuf (D:7)
  A gnoll shaman (D:6)
  A centaur skeleton (D:5)
  A human skeleton (D:7)
  5 worker ants
  12 gnolls
  An adder (D:6)
  An adder zombie (D:5)
  3 adder skeletons
  2 orcs
  A bat (Sewer)
  2 goblins (D:5)
  7 hobgoblins (D:5)
  2 jackals (D:6)
  3 kobolds
  A quokka (D:3)
63 creatures vanquished.

Vanquished Creatures (others)
  A gnoll (D:6)
  A goblin (D:5)
  A bush (Lair:3)
  16 fungi
  34 plants
  14 withered plants (Gauntlet)
67 creatures vanquished.

Grand Total: 609 creatures vanquished

Notes
Turn   | Place    | Note
-------+----------+-------------------------------------------
     0 | D:1      | thiole the Octopode Hedge Wizard began the quest for the
                  | Orb.
     0 | D:1      | Reached XP level 1. HP: 11/11 MP: 4/4
    76 | D:1      | Reached skill level 1 in Fighting
    80 | D:1      | Reached XP level 2. HP: 7/18 MP: 1/6
   902 | D:1      | Reached XP level 3. HP: 24/24 MP: 7/7
  1813 | D:2      | Learned a level 2 spell: Call Imp
  1816 | D:2      | Learned a level 2 spell: Blink
  1820 | D:2      | Learned a level 3 spell: Mephitic Cloud
  1938 | D:2      | Reached XP level 4. HP: 23/29 MP: 3/8
  2005 | D:2      | Found a stormy altar of Qazlal.
  2027 | D:2      | Reached skill level 1 in Air Magic
  2357 | D:2      | Reached skill level 1 in Shields
  3421 | D:3      | Found a transporter.
  3421 | D:3      | Found a transporter.
  3430 | D:3      | Found a one-way gate to the infinite horrors of the Abyss.
  3430 | D:3      | Noticed thiole's ghost (amateur OpVM)
  3464 | D:3      | Noticed a big kobold
  3498 | D:3      | Noticed a small abomination
  4122 | D:4      | Reached skill level 2 in Shields
  4122 | D:4      | Reached XP level 5. HP: 34/34 MP: 3/9
  4176 | D:4      | Noticed an ogre
  4193 | D:4      | Killed an ogre
  4194 | D:4      | Reached skill level 1 in Poison Magic
  4493 | D:4      | Reached skill level 3 in Shields
  4497 | D:4      | Reached XP level 6. HP: 32/39 MP: 3/10
  4649 | D:4      | Found a staircase to the Ecumenical Temple.
  4658 | Temple   | Entered the Ecumenical Temple
  5056 | D:4      | Noticed a phantom
  5457 | D:5      | Entered Level 5 of the Dungeon
  5486 | D:5      | Reached skill level 4 in Shields
  5541 | D:5      | Noticed Grinder
  5701 | D:5      | Found a glowing silver altar of Zin.
  5737 | D:5      | Killed Grinder
  5738 | D:5      | Reached XP level 7. HP: 16/48 MP: 1/12
  6697 | D:5      | Noticed Sigmund
  6703 | D:5      | Killed Sigmund
  6704 | D:5      | Reached skill level 5 in Stealth
  6704 | D:5      | Reached XP level 8. HP: 49/54 MP: 2/14
  6720 | D:5      | Reached skill level 5 in Fighting
  8358 | D:6      | Reached skill level 1 in Short Blades
  8419 | D:6      | Found the +9 staff of Olgreb {rPois∞}
  8473 | D:6      | Found Cuiw's Distillery.
  8695 | D:6      | Found a shadowy altar of Dithmenos.
  8736 | D:6      | Found a runed translucent gate.
  8737 | D:6      | Found a runed translucent door.
  8739 | D:6      | Found a runed translucent gate.
  8746 | D:6      | Found a runed translucent door.
  8755 | D:6      | Found an iron altar of Okawaru.
  8763 | D:6      | Found Movvo's Gadget Emporium.
  8807 | D:6      | Reached skill level 5 in Spellcasting
  8871 | D:6      | Reached XP level 9. HP: 61/61 MP: 4/16
  8964 | D:6      | Found an ornate altar of the Wu Jian Council.
  9028 | D:6      | Found a glowing drain.
  9037 | Sewer    | Entered a sewer
  9817 | D:6      | Found a runed translucent gate.
 10831 | D:3      | Killed thiole's ghost
 10832 | D:3      | Reached skill level 5 in Dodging
 11422 | D:7      | Reached skill level 1 in Evocations
 11639 | D:7      | Found a basalt altar of Yredelemnul.
 11845 | D:7      | Reached XP level 10. HP: 66/66 MP: 16/19
 12045 | D:7      | Found a runed translucent door.
 12046 | D:7      | Noticed Crazy Yiuf
 12054 | D:7      | Killed Crazy Yiuf
 12159 | D:7      | Noticed Joseph
 12182 | D:7      | Killed Joseph
 12412 | D:7      | Learned a level 1 spell: Apportation
 12732 | D:8      | Found a staircase to the Lair.
 12776 | D:8      | Noticed a two-headed ogre
 12825 | D:8      | Killed a two-headed ogre
 13250 | D:8      | Learned a level 4 spell: Airstrike
 13256 | D:8      | Learned a level 5 spell: Lightning Bolt
 13469 | D:8      | Found a bloodstained altar of Trog.
 13698 | D:8      | Reached skill level 1 in Staves
 14209 | Lair:1   | Entered Level 1 of the Lair of Beasts
 14430 | Lair:1   | Noticed a black mamba
 14438 | Lair:1   | Killed a black mamba
 14439 | Lair:1   | Reached skill level 5 in Air Magic
 14439 | Lair:1   | Reached XP level 11. HP: 75/75 MP: 3/20
 14485 | Lair:1   | Reached skill level 5 in Shields
 15548 | D:9      | Noticed a two-headed ogre
 15553 | D:9      | Killed a two-headed ogre
 15554 | D:9      | Reached skill level 5 in Evocations
 16196 | D:9      | Found a broken altar of Ashenzari.
 16252 | D:9      | Noticed a boulder beetle
 16324 | D:9      | Killed a boulder beetle
 16446 | D:9      | Found an ornate altar of the Wu Jian Council.
 16661 | D:9      | Found a staircase to the Orcish Mines.
 17659 | D:4      | Found an opulent altar of Gozag.
 17659 | D:4      | Found a hazy altar of Hepliaklqana.
 17665 | D:4      | Found a shimmering blue altar of Sif Muna.
 17668 | D:4      | Became a worshipper of Gozag Ym Sagoz the Greedy
 17671 | D:4      | Found a faded altar of an unknown god.
 17673 | D:4      | Found an ornate altar of the Wu Jian Council.
 17850 | Orc:1    | Entered Level 1 of the Orcish Mines
 17994 | Orc:2    | Entered Level 2 of the Orcish Mines
 17999 | Orc:2    | Noticed a two-headed ogre
 18000 | Orc:2    | Noticed a two-headed ogre
 18002 | Orc:2    | Noticed a two-headed ogre
 18006 | Orc:2    | Noticed a two-headed ogre
 18006 | Orc:2    | Noticed a two-headed ogre
 18010 | Orc:2    | Killed a two-headed ogre
 18011 | Orc:2    | Reached skill level 5 in Conjurations
 18013 | Orc:2    | Noticed an ogre mage
 18013 | Orc:2    | Killed a two-headed ogre
 18014 | Orc:2    | Reached skill level 6 in Shields
 18014 | Orc:2    | Noticed an ogre mage
 18015 | Orc:2    | Noticed a two-headed ogre
 18017 | Orc:2    | Killed a two-headed ogre
 18018 | Orc:2    | Noticed an orc high priest
 18021 | Orc:2    | Noticed a two-headed ogre
 18025 | Orc:2    | Killed a two-headed ogre
 18025 | Orc:2    | Noticed an ogre mage
 18028 | Orc:2    | Killed a two-headed ogre
 18029 | Orc:2    | Reached XP level 12. HP: 57/81 MP: 0/21
 18631 | Orc:2    | Found a roughly hewn altar of Beogh.
 18717 | Orc:2    | Killed an orc high priest
 18718 | Orc:2    | Reached skill level 7 in Shields
 18883 | Orc:2    | Killed an ogre mage
 18911 | Orc:2    | Noticed a two-headed ogre
 18946 | Orc:2    | Killed a two-headed ogre
 18960 | Orc:2    | Killed an ogre mage
 19133 | Orc:2    | Reached skill level 10 in Air Magic
 19167 | Orc:2    | Paralysed by an ogre mage for 3 turns
 19170 | Orc:2    | Killed an ogre mage
 19171 | Orc:2    | Reached skill level 8 in Shields
 19261 | Orc:2    | Noticed a two-headed ogre
 19268 | Orc:2    | Killed a two-headed ogre
 19332 | Orc:2    | Noticed an ogre mage
 19444 | Orc:2    | Noticed a two-headed ogre
 19461 | Orc:2    | Killed a two-headed ogre
 19688 | Orc:2    | Paralysed by an orc sorcerer for 3 turns
 19797 | Orc:2    | Noticed a two-headed ogre
 19801 | Orc:2    | Killed a two-headed ogre
 19903 | Orc:2    | Found Fauhoosch's Gadget Boutique.
 19957 | Orc:2    | Killed an ogre mage
 19970 | Orc:2    | Noticed a two-headed ogre
 20117 | Orc:2    | Noticed a two-headed ogre
 20129 | Orc:2    | Killed a two-headed ogre
 20130 | Orc:2    | Reached XP level 13. HP: 86/86 MP: 3/22
 20203 | Orc:2    | Reached skill level 9 in Shields
 20663 | Orc:2    | Noticed Maurice
 20681 | Orc:2    | Killed Maurice
 21041 | Orc:2    | Found Gacvidok's Assorted Antiques.
 21041 | Orc:2    | Found Ruthrigih's Jewellery Shoppe.
 21042 | Orc:2    | Found Wobiheto's General Store.
 21042 | Orc:2    | Found Diseniwn's Gadget Shop.
 21085 | Orc:2    | Found a staircase to the Elven Halls.
 22250 | Orc:1    | Found Jozoacoi's Jewellery Emporium.
 22621 | Orc:1    | Bought the amulet "Ototih" {RegenMP rC+} for 616 gold
                  | pieces
 22699 | Orc:2    | Bought an uncursed ring of protection from cold for 400
                  | gold pieces
 22699 | Orc:2    | Bought a +4 ring of evasion for 576 gold pieces
 22704 | Orc:2    | Identified a scroll of acquirement
 22705 | Orc:2    | Bought an uncursed ring of protection from fire for 400
                  | gold pieces
 22706 | Orc:2    | Acquired 798 gold pieces
 23139 | Lair:2   | Found a staircase to the Snake Pit.
 23148 | Lair:1   | Reached skill level 10 in Shields
 23602 | Lair:2   | Reached skill level 11 in Shields
 24139 | Lair:2   | Reached skill level 12 in Shields
 24145 | Lair:2   | Reached XP level 14. HP: 92/92 MP: 0/23
 25151 | Lair:2   | Reached skill level 13 in Shields
 25332 | Lair:3   | Found an ornate altar of the Wu Jian Council.
 25719 | Lair:3   | Found a staircase to the Swamp.
 26069 | Lair:3   | Found a hide-covered altar of Uskayaw.
 26194 | Lair:4   | Found a gate leading to a gauntlet.
 26204 | Gauntlet | Entered a Gauntlet
 26204 | Gauntlet | Found a transporter.
 26204 | Gauntlet | Found a transporter.
 26209 | Gauntlet | Found a transporter.
 26218 | Gauntlet | Found a transporter.
 26241 | Gauntlet | Found a transporter.
 26244 | Gauntlet | Found a transporter.
 26245 | Gauntlet | Found a transporter.
 26247 | Gauntlet | Found a transporter.
 26249 | Gauntlet | Noticed an entropy weaver
 26251 | Gauntlet | Found a transporter.
 26285 | Gauntlet | Found a transporter.
 26294 | Gauntlet | Found a transporter.
 26303 | Gauntlet | Found a transporter.
 26349 | Gauntlet | Found a transporter.
 26365 | Gauntlet | Found a transporter.
 26465 | Gauntlet | Found a transporter.
 26468 | Gauntlet | Noticed a dire elephant
 26487 | Gauntlet | Found a transporter.
 26610 | Gauntlet | Learned a level 2 spell: Swiftness
 26790 | Gauntlet | Killed an entropy weaver
 27019 | Gauntlet | Reached skill level 14 in Shields
 27197 | Gauntlet | Identified Fera's Reference Book on Flames
 27199 | Gauntlet | Got a scorched long sword
 27633 | Lair:4   | Slain by an eight-headed hydra

Illustrated notes

Levels and vault maps discovered:
D:1:      heliophobic_arrival_glass_houses, layout_basic,
          corexii_leaking_fountain
D:2:      layout_basic, overflow_temple_1_default, st_stairs_14
D:3:      layout_rooms, gammafunk_ghost_abyssal_escape
D:4:      minmay_evil_eye, layout_cave_pods,
          chequers_temple_overflow_minitemple, minmay_temple_entry_butterflies
D:5:      minmay_goblin_kobold_castle, layout_cave_pools,
          nicolae_overflow_crystal_walls, serial_bayou_pond_a, uniq_sigmund,
          uniq_grinder
D:6:      layout_cave_pools, grunt_dithmenos_smoke, kennysheep_mini_moat,
          serial_gnoll_camp, gnoll_camp_mini_shop, gnoll_camp_mini_hut,
          gnoll_camp_mini_hut, gnoll_camp_mini_basic, gnoll_camp_mini_shop,
          gnoll_camp_mini_sergeant, gup_sewer_entry_bubbles, basic_altar,
          minmay_guarded_unrand_staff_of_olgreb
D:7:      layout_gridville, lemuel_mausoleum_altar_yredelemnul,
          uniq_crazy_yiuf_cottage, uniq_joseph
D:8:      layout_basic, kennysheep_mini, lair_entry_dummy
D:9:      layout_irregular_city, nicolae_ashenzari_panopticon, erik_orc_1,
          basic_altar
Temple:   minmay_temple_curvy_loop
Lair:1:   layout_roguey, amcnicky_mini_pool_medium, infiniplex_staircase_pool,
          serial_bayou_shore_a
Lair:2:   nzn_winding_woodlands_large [nzn_winding_woodlands_5x5_checkerboard,
          nzn_winding_woodlands_5x15_crooked, nzn_winding_woodlands_5x5_default,
          nzn_winding_woodlands_center_pierced_h,
          nzn_winding_woodlands_15x15_thick_spiral,
          nzn_winding_woodlands_center_lodge, nzn_winding_woodlands_5x5_three,
          nzn_winding_woodlands_5x15_pockets,
          nzn_winding_woodlands_5x5_closed_star], layout_misc_corridors,
          guppyfry_snake_entry_island, lemuel_fruit_fields, serial_bayou_shore_b
Lair:3:   layout_gridlike, skrybe_swamp_entry_bodies,
          nzn_masters_of_martial_movement
Lair:4:   layout_hall_layers, gauntlet_entry_generic, beast_lair_carwin_11
Orc:1:    layout_caves, guppyfry_orc_lava_fort
Orc:2:    st_orc_ogre_mass, layout_caves, serial_shops, nicolae_shop_stone,
          nicolae_orc_bridge_out, mines2_david, uniq_maurice

Skill      XL: |  1  2  3  4  5  6  7  8  9 10 11 12 13 14 |
---------------+-------------------------------------------+-----
Fighting       | 1 2 4 5 7 |  7.0
Conjurations   | 2 4 5 |  5.0
Summonings     | 2 |  2.0
Air Magic      | 1 2 4 5 8 11 13 | 13.0
Shields        | 2 3 4 6 8 12 14 | 14.1
Poison Magic   | 2 |  2.0
Spellcasting   | 4 5 6 |  6.0
Stealth        | 5 6 |  6.7
Short Blades   | 4 |  4.0
Dodging        | 7 |  7.0
Evocations     | 3 4 6 |  6.0
Translocations | 2 |  2.0
Staves         | 2 4 |  4.2

Action                   |  1- 3 |  4- 6 |  7- 9 | 10-12 | 13-15 || total
-------------------------+-------+-------+-------+-------+-------++-------
Melee: Dagger            |    51 |    60 |   209 |       |       ||   320
       Constrict         |    15 |    14 |    66 |    53 |    23 ||   171
       Tentacles         |     8 |    11 |    55 |    76 |    32 ||   182
       Staff             |       |       |    61 |   322 |   161 ||   544
       Short sword       |       |       |    26 |    16 |       ||    42
 Cast: Magic Dart        |    45 |    66 |   231 |   182 |    64 ||   588
       Call Imp          |       |    42 |    89 |    40 |     1 ||   172
       Mephitic Cloud    |       |       |    11 |    37 |     9 ||    57
       Airstrike         |       |       |       |    94 |   169 ||   263
       Lightning Bolt    |       |       |       |     5 |    33 ||    38
       Swiftness         |       |       |       |       |     4 ||     4
Evoke: Wand              |       |       |     5 |     4 |     2 ||    11
       Staff of Olgreb   |       |       |       |     5 |    29 ||    34
  Use: Scroll            |     2 |     6 |     9 |     3 |    10 ||    30
       Potion            |       |       |     4 |    10 |     4 ||    18
 Stab: Sleeping          |     4 |     1 |     5 |     5 |     1 ||    16
       Distracted        |       |     1 |     5 |     3 |     1 ||    10
       Confused          |       |       |     5 |    21 |     7 ||    33
Armor: Skin              |     5 |     7 |    24 |    11 |     8 ||    55
Dodge: Dodged            |    47 |    53 |   219 |   271 |   134 ||   724
Block: Buckler           |       |     9 |    47 |    64 |    16 ||   136
       Kite shield       |       |       |       |       |   122 ||   122
